 Dungeon Crawl Stone Soup version 0.30.0-17-ge0270778cf (webtiles) character file.

Game seed: 8788992488657293119

695 grizmgrazm2 the Ruffian (level 7, -2/63 HPs)
             Began as an Ogre Transmuter on May 21, 2023.
             Killed by divine providence
             ... invoked by an orc priest
              (7 damage)
             ... on level 5 of the Dungeon.
             The game lasted 00:09:10 (3960 turns).

grizmgrazm2 the Ruffian (Ogre Transmuter)           Turns: 3960, Time: 00:09:11

Health: -2/63      AC:  2    Str: 21    XL:     7   Next: 64%
Magic:  8/13       EV: 20    Int: 14    God:
Gold:   175        SH:  0    Dex: 22    Spells: 2/14 levels left

rFire   . .          .
                       - Unarmed
rCold   . . .        (shield currently unavailable)
rNeg    . . .        a - melded +0 robe
rPois   x            (helmet currently unavailable)
rElec   .            (cloak currently unavailable)
rCorr   .            (gloves unavailable)
SInv    .            (boots unavailable)
Will    .....        (no amulet)
Stlth   ++           e - +6 ring of strength
HPRegen 0.30/turn    f - +6 ring of dexterity
MPRegen 0.13/turn

%: no passive effects
@: spider-form, wereblooded
A: venomous fangs, tiny, unfitting armour, (tough skin 1)
a: End Transformation


You were on level 5 of the Dungeon.
You were a venomous arachnid creature.
You visited 1 branch of the dungeon, and saw 5 of its levels.
You also visited: Ossuary.

You collected 277 gold pieces.
You spent 102 gold pieces at shops.

Inventory:

Hand Weapons
 l - the +1 spear "Xahaakh" {flame, Dex+3}
   (You found it on level 2 of the Dungeon)

   Dex:       It affects your dexterity (+3).
Armour
 a - a +0 robe (melded)
Jewellery
 e - a +6 ring of strength (left front pincers)
 f - a +6 ring of dexterity (right front pincers)
 h - a ring of fire
 i - a ring of see invisible
 r - a +6 ring of dexterity
Wands
 d - a wand of quicksilver (4)
 j - a wand of paralysis (6)
 p - a wand of flame (16)
 q - a wand of digging (8)
Scrolls
 m - a scroll of fear
 s - 2 scrolls of blinking {unknown}
 t - 2 scrolls of poison {unknown}
 u - a scroll of identify
 w - a scroll of immolation
Potions
 b - 3 potions of lignification
 c - a potion of degeneration {unknown}
 g - 3 potions of heal wounds {unknown}
 k - 2 potions of brilliance {unknown}
 n - 3 potions of haste {unknown}
 o - 3 potions of magic {unknown}
 v - 2 potions of might {unknown}


   Skills:
 + Level 1.7 Fighting
 + Level 2.2 Dodging
 + Level 0.2 Stealth
 * Level 6.0 Unarmed Combat
 + Level 4.3 Spellcasting
 + Level 3.1 Transmutations
 * Level 2.3 Poison Magic


You had 2 spell levels left.
You knew the following spells:

 Your Spells              Type           Power      Damage    Failure   Level
a - Beastly Appendage     Tmut           22%        N/A       16%         1
b - Wereblood             Tmut           11%        N/A       21%         2
c - Spider Form           Tmut/Pois      10%        N/A       38%         3
d - Eringya's Noxious Bo  Tmut/Pois      5%         N/A       100%        6

Your spell library contained the following spells:

 Spells                   Type           Power      Damage    Failure   Level
 Apportation              Tloc           6%         N/A       38%         1
 Necrotise                Necr           12%        1d4       38%         1
 Summon Small Mammal      Summ           12%        N/A       38%         1
 Ice Form                 Ice/Tmut       7%         N/A       86%         4
 Summon Forest            Summ/Tloc      1%         N/A       100%        5
 Summon Hydra             Summ           1%         N/A       100%        7


Dungeon Overview and Level Annotations

Branches:
Dungeon (5/15)            Ossuary (visited)
 Temple: D:4-7

Altars:
Hepliaklqana

Shops:
D:2 *

Annotations:
D:2 Sigmund
D:4 Dowan, Duvessa


Innate Abilities, Weirdness & Mutations

You are a venomous arachnid creature.
You have venomous fangs.
You are tiny and dextrous.
Your spellcasting is less reliable in this form.
Your armour is entirely melded.
You are incapable of wielding weapons or throwing items.
You are too large for most types of armour.
((You have tough skin. (AC +1)))


Message History

The orc wizard flickers and vanishes!
Deactivating autopickup; reactivate with Ctrl-A.
The orc priest attacks as you move away!
The orc priest hits you but does no damage.
Something completely misses you.
Dowan casts a spell.
Dowan blinks!
The orc priest attacks as you move away!
The orc priest barely misses you.
There is a stone staircase leading down here.
The orc priest hits you with a +0 flail.
You climb downwards.
Reactivating autopickup.
There is a stone staircase leading up here.
The orc priest attacks as you move away!
The orc priest barely misses you.
The orc priest invokes the aid of Beogh against you.
Beogh smites you!
Casting: Wereblood (safe; 8% risk of failure)
Confirm with . or Enter, or press ? or * to list all spells.
You turn into a venomous arachnid creature.
Your +0 robe melds into your body.
Casting: Spider Form (dangerous; 38% risk of failure)
Confirm with . or Enter, or press ? or * to list all spells.
Your blood is infused with primal strength.
The orc priest misses you.
You barely miss the orc priest.
The orc priest hits you with a +0 flail.
* * * LOW HITPOINT WARNING * * *
You hit the orc priest.
The orc priest is poisoned.
The orc priest is lightly wounded.
The orc priest mumbles some strange prayers to Beogh against you.
Beogh smites you!
* * * LOW HITPOINT WARNING * * *
You hit the orc priest.
The orc priest looks as sick as possible!
The orc priest is moderately wounded.
The orc priest invokes the aid of Beogh against you.
Beogh smites you!
You die... ########## #....so..# #..#####.# # #

You could see an orc priest (extremely poisoned).

Vanquished Creatures
  2 elf skeletons (D:4)
  4 water moccasin zombies (Ossuary)
  A hound (D:4)
  An orc priest (D:4)
  A human skeleton (D:4)
  2 orc wizards (D:4)
  2 mummies (Ossuary)
  7 adders
  4 adder zombies (Ossuary)
  2 dart slugs (D:1)
  10 orcs
  8 endoplasms
  2 giant cockroaches
  5 gnoll zombies (Ossuary)
  9 goblins
  5 hobgoblins
  4 jackals (D:4)
  6 kobolds
  2 quokkas
  6 ball pythons
  8 bats
  4 frilled lizards
  3 hobgoblin zombies (Ossuary)
  8 kobold zombies (Ossuary)
  2 orc skeletons (D:4)
  5 orc zombies
  3 rats
116 creatures vanquished.

Notes
Turn   | Place    | Note
-------+----------+-------------------------------------------
     0 | D:1      | grizmgrazm2 the Ogre Transmuter began the quest for the
                  | Orb.
     0 | D:1      | Reached XP level 1. HP: 19/19 MP: 3/3
   216 | D:1      | Reached skill level 3 in Unarmed Combat
   283 | D:1      | Reached XP level 2. HP: 25/27 MP: 2/5
   396 | D:1      | Learned a level 2 spell: Wereblood
   858 | D:1      | Reached XP level 3. HP: 31/33 MP: 5/7
  1175 | D:2      | Found Headusch's Assorted Antiques.
  1261 | D:2      | Bought a lumpy yellow potion for 18 gold pieces
  1261 | D:2      | Bought a curved wooden wand for 84 gold pieces
  1387 | D:2      | Reached XP level 4. HP: 39/41 MP: 6/8
  1391 | D:2      | Learned a level 3 spell: Spider Form
  1812 | D:2      | Identified the +1 spear "Xahaakh" {flame, Dex+3}
  1942 | D:2      | Noticed Sigmund
  2517 | D:3      | Reached XP level 5. HP: 45/48 MP: 8/10
  2546 | D:3      | Found a hazy altar of Hepliaklqana.
  2805 | D:4      | Reached skill level 4 in Unarmed Combat
  2839 | D:4      | Reached skill level 1 in Poison Magic
  2960 | D:4      | Found a sand-covered staircase.
  2966 | Ossuary  | Entered an ossuary
  3108 | Ossuary  | Reached XP level 6. HP: 23/55 MP: 9/11
  3349 | Ossuary  | Reached skill level 5 in Unarmed Combat
  3459 | Ossuary  | Reached XP level 7. HP: 39/63 MP: 8/13
  3596 | Ossuary  | Identified the +2 ring mail of Jarinot {Rampage rPois
                  | Int+3}
  3679 | D:4      | Learned a level 6 spell: Eringya's Noxious Bog
  3841 | D:4      | Reached skill level 6 in Unarmed Combat
  3920 | D:4      | Noticed Duvessa
  3920 | D:4      | Noticed Dowan
  3954 | D:5      | Entered Level 5 of the Dungeon
  3960 | D:5      | Killed from afar by an orc priest

Illustrated notes

Levels and vault maps discovered:
D:1:      dpeg_arrival_pits, layout_basic
D:2:      layout_loops_ring, serial_shops, nicolae_shop_statue_plus,
          uniq_crazy_yiuf_cottage, uniq_sigmund
D:3:      layout_loops_ring, lemuel_round_altar
D:4:      layout_basic, nicolae_overflow_crystal_walls,
          nicolae_ossuary_entry_catacombs, uniq_duvessa, uniq_eustachio
D:5:      minmay_spotlight, layout_loops_corners,
          nicolae_ru_sacrificial_ziggurat, serial_shops, kennysheep_little_box

Skill      XL: |  1  2  3  4  5  6  7 |
---------------+----------------------+-----
Unarmed Combat | 3 4 5 6 |  6.0
Transmutations | 2 3 |  3.1
Spellcasting   | 3 4 |  4.3
Dodging        | 2 |  2.2
Poison Magic   | 1 2 |  2.3
Fighting       | |  1.7
Stealth        | |  0.2

Action                     |  1- 3 |  4- 6 |  7- 9 || total
---------------------------+-------+-------+-------++-------
  Melee: Unarmed           |    56 |   206 |    55 ||   317
         Kick              |     9 |    32 |       ||    41
         Headbutt          |     9 |    13 |       ||    22
         Punch             |     1 |     3 |       ||     4
   Cast: Beastly Appendage |    21 |    28 |       ||    49
         Wereblood         |     1 |     9 |     2 ||    12
         Spider Form       |       |     7 |     6 ||    13
  Evoke: Wand              |       |     1 |       ||     1
    Use: Scroll            |     2 |     4 |       ||     6
         Potion            |       |     6 |       ||     6
   Stab: Sleeping          |     2 |     2 |       ||     4
         Distracted        |       |     1 |       ||     1
 Armour: Robe              |    13 |    23 |     2 ||    38
         Skin              |       |     5 |     4 ||     9
  Dodge: Dodged            |    20 |   103 |    27 ||   150
